[Event "AUT Bundesliga 2024-25"]
[Site "Austria"]
[Date "2025.04.04"]
[Round "8.21"]
[White "Erdos, Viktor"]
[Black "Blohberger, Felix"]
[Result "*"]
[Annotator "TA"]
[ECO "C75"]
[WhiteElo "2542"]
[BlackElo "2511"]
[PlyCount "95"]
[EventDate "2024.08.28"]
[EventType "team-tourn"]
[EventCountry "AUT"]
[SourceTitle "playchess.com"]
[Source "ChessBase"]
[SourceQuality "1"]
[TimeControl "40/5400+30:1800+30"]

1. e4 e5 2. Nf3 Nc6 3. Bb5 a6 4. Ba4 d6 5. O-O Bd7 6. c3 Nge7 7. d4 Ng6 8. Be3 Be7 9. Nbd2 O-O 10. a3 {[%emt 0:11:19] C75: Ruy Lopez: Deferred Steinitz: 5 c3 Bd7 6 d4 without ...g6.} Kh8 11. Re1 a5 $146 (11... exd4 12. cxd4 f5 13. exf5 Bxf5 14. Rc1 Bd7 15. Bc2 d5 16. Bxg6 hxg6 17. Qb3 Bc8 18. Qc3 Rf5 19. Nb3 Bd6 20. Bd2 Rh5 21. Nc5 Rb8 22. Nxa6 bxa6 23. Qxc6 Bd7 24. Bg5 {1-0 Marcotulli,G (2220)-Balmelle,J (2240) IECG CM.2003.0.00212 email}) 12. Rc1 {[%emt 0:20:08] White is slightly better.} Nh4 13. Nxh4 Bxh4 14. Nf3 Bf6 15. d5 Nb8 16. c4 b6 17. Bxd7 Nxd7 18. b4 axb4 19. axb4 Be7 20. Qc2 Qc8 21. Ra1 Qb7 22. h3 Ra6 23. Ra4 Rfa8 24. Rea1 R8a7 25. Ne1 {[%emt 0:03:30] Space Advantage White} Qa8 26. Rxa6 Rxa6 27. Rxa6 Qxa6 28. Nd3 Qa1+ 29. Kh2 g6 30. c5 bxc5 31. bxc5 Nxc5 ({Black should play} 31... Kg7 $14) 32. Nxc5 $18 dxc5 33. Bxc5 $14 {[%emt 0:01:13][%mdl 4096] Endgame KQB-KQB} Bg5 34. Bb4 {[%emt 0:22:15][%cal Oc2c6] Prevents Qa5.} Qa7 35. Qc5 Qxc5 36. Bxc5 $16 {[%emt 0:00:02] KB-KB} f5 37. f3 Kg7 38. Bb4 Be3 39. Be7 Ba7 40. Bd8 Bb8 41. Kg3 $1 {[%emt 0:31:49] White is more active.} Kf7 42. Kh4 $1 h6 $2 (42... fxe4 $16 43. fxe4 h6) 43. exf5 $1 $18 gxf5 44. Kh5 Kg7 {[%emt 0:03:17] [#]} 45. Bh4 $2 (45. h4 $1 $18 e4 46. fxe4 fxe4 47. Kg4) 45... Ba7 $16 46. Bd8 $2 (46. Be7 $16) 46... Bb8 $18 {[%emt 0:00:10] [#]} 47. Bh4 (47. h4 $1 $18 {is the precise move to win. Be7 would now be deadly.} e4 48. fxe4 fxe4 49. Kg4) 47... Ba7 $1 $16 {[%emt 0:00:05] Loses game:     	---       	Black=1      Missed win:     	White=2     	---        Mistake:       	White=1     	Black=1      Inaccurate:     	White=1     	Black=1      OK:         	White=14    	Black=8      Best:        	White=1     	Black=3      Strong:       	White=2     	Black=1} 48. Be1 {[%emt 0:03:18] Weighted Error Value: White=0.22 (precise) /Black=0.13 (very precise)} *

[Event "AUT Bundesliga 2024-25"]
[Site "Austria"]
[Date "2025.04.04"]
[Round "8.22"]
[White "Peyrer, Konstantin"]
[Black "Sankalp Gupta"]
[Result "0-1"]
[Annotator "TA"]
[ECO "A21"]
[WhiteElo "2451"]
[BlackElo "2548"]
[PlyCount "96"]
[EventDate "2024.08.28"]
[EventType "team-tourn"]
[EventCountry "AUT"]
[SourceTitle "playchess.com"]
[Source "ChessBase"]
[SourceQuality "1"]
[TimeControl "40/5400+30:1800+30"]

1. c4 e5 2. Nc3 Bb4 3. Nd5 a5 4. a3 Bc5 5. e3 d6 6. Nf3 {[%emt 0:01:55] A21: English Opening: 1...e5 2 Nc3.} Nd7 7. d4 Ba7 8. Qc2 {[%emt 0:01:04] White has an edge.} c6 9. Nc3 Ngf6 10. Bd2 O-O 11. O-O-O Re8 12. h4 $146 ({White should try} 12. Kb1 $11) (12. h3 e4 13. Nh2 d5 14. g4 dxc4 15. g5 Nd5 16. Nxe4 Qe7 17. Ng3 b5 18. Nf5 {½-½ Praggnanandhaa,R (2741)-Abdusattorov,N (2768) Tata Steel-A 87th 2025 (1)}) 12... e4 (12... Qe7 $15) 13. Ng5 $14 d5 14. f3 h6 15. Nh3 (15. cxd5 $1 $16 cxd5 (15... hxg5 16. dxc6 Nf8 17. hxg5 $11) 16. Bb5) 15... Nf8 (15... c5 {looks sharper.} 16. g4 cxd4 17. exd4 Bxd4 18. g5 Nc5) 16. Nf2 (16. cxd5 $11 exf3 17. dxc6) 16... c5 (16... exf3 $15 17. gxf3 dxc4) 17. dxc5 $11 {[%emt 0:08:11] With the idea Nxd5.} exf3 18. gxf3 Bxc5 19. cxd5 Bxe3 20. Nfe4 Bxd2+ 21. Rxd2 Ng6 22. h5 Ne5 23. Bb5 Nxe4 24. fxe4 Bd7 25. Bxd7 Qxd7 26. Rg2 Nf3 {[%emt 0:03:34] Prevents Rhg1.} 27. Qd3 Ng5 28. Kb1 Re5 29. Rc1 Rae8 30. d6 f6 (30... Nxe4 $6 31. Nxe4 Rxe4 32. Qg3 $16) 31. a4 Rc8 (31... Nxe4 $2 32. Nxe4 Rxe4 33. Rc7 Re1+ (33... Qxa4 34. Rgxg7+ Kh8 35. Rh7+ Kg8 36. Qd5+ R8e6 37. Rc8+) 34. Kc2 Qxa4+ 35. Qb3+ Qxb3+ 36. Kxb3 a4+ 37. Kb4 $18 (37. Kxa4 Ra1+ 38. Kb3 g5 $18)) 32. Rgc2 Rc6 33. Nb5 Nxe4 (33... Rxe4 $6 34. Qd5+ Qf7 35. Qxf7+ Nxf7 36. Rxc6 bxc6 37. Rxc6 $16) 34. Rxc6 bxc6 35. Qc4+ (35. Rxc6 $11 {and White has nothing to worry.} Qxc6 (35... Nd2+ 36. Qxd2 Qxc6 37. d7 $11) 36. d7) 35... Kf8 {[%emt 0:00:30] ...Nd2+ would now be deadly.} 36. Qxc6 $2 (36. Qc2) 36... Nd2+ $19 37. Ka1 Nb3+ 38. Kb1 {[%emt 0:00:04] [#]} Qf5+ 39. Rc2 {[%emt 0:00:37] [#]} Nd2+ $1 40. Kc1 Nb3+ $2 (40... Qf1+ $19 41. Kxd2 Re2+ 42. Kc3 Qh3+ (42... Re3+ $2 43. Kd4 $19) 43. Kd4 Qe3+ (43... Qxh5 $2 44. Rxe2 Qxe2 45. Qc8+ Kf7 46. d7 $18) 44. Kc4 Rxc2+ 45. Nc3 Rd2 (45... Rxb2 46. Qc8+ Kf7 47. Qc7+ Kg8 48. Qc8+ Kh7 49. Qf5+ Kg8 50. Qc8+ Kh7 51. Qf5+ Kg8 52. Qc8+ $11) 46. Qc8+ Qe8 47. Qxe8+ Kxe8) 41. Kb1 $11 Nd2+ $2 (41... Rc5 $11 42. Qa8+ Kf7) 42. Kc1 $1 $19 {[%emt 0:00:00] Black must now prevent Qc8+.} Qf1+ 43. Kxd2 Qf2+ $2 $40 {[%emt 0:03:53][%mdl 128] White needs to defend precisely.} (43... Re2+ $19 44. Kd3 (44. Kc3 $2 Qh3+ 45. Kd4 Qe3+ 46. Kc4 Rxc2+ 47. Nc3 Rd2 $19) 44... Rh2+ (44... Qd1+ $2 45. Kc4 $19) 45. Kc3 Qh3+ (45... Rxh5 $2 46. Kb3 $18) (45... Rh3+ 46. Kd4 $17) 46. Kd4 Qg4+ 47. Qe4 (47. Ke3 $2 Qg3+ 48. Kd4 Qf4+ 49. Qe4 Qxe4+ 50. Kxe4 Rxc2 $19) 47... Qxe4+ (47... Rxc2 $2 48. Qxg4 Rd2+ 49. Kc3 $18) 48. Kxe4 Rxc2) 44. Kd3 $15 Re3+ {[%emt 0:00:14][%mdl 1024] Black has compensation.} 45. Kd4 Re2+ 46. Kd5 $2 (46. Kc4 $11 Rxc2+ 47. Nc3 Qe2+ (47... Rxb2 48. Qc8+ Kf7 49. Qd7+ Kg8 50. Qe8+ Kh7 51. Qg6+ Kh8 52. Qe8+ Kh7 53. Qg6+ Kg8 54. Qe8+ Kh7 $11) 48. Kb3 Rxb2+ (48... Qxh5 $2 49. Kxc2 Qf5+ 50. Kb3 $18) 49. Ka3) 46... Qf3+ 47. Kd4 $2 (47. Kc5 $19 Qe3+ (47... Rxc2+ $2 48. Nc3 $19) 48. Kc4 Rxc2+ 49. Nc3) 47... Qf4+ (47... Qxh5 $2 {perishes.} 48. Rxe2 Qxe2 49. Qc8+ Kf7 50. d7 Qxb2+ 51. Nc3 (51. Kc5 Qe5+ 52. Kc6 Qe4+ 53. Kc7 Qe5+ 54. Nd6+ Kg6 $18) 51... Qb6+ 52. Kd3 (52. Qc5 Qb8 $18) 52... Qd6+ 53. Kc2 $18) 48. Kd5 Re5# {[%emt 0:00:09] Weighted Error Value: White=0.46/Black=0.49  Loses game:     	White=2     	---        Missed win:     	---       	Black=2      Mistake:       	White=5     	Black=3      Inaccurate:     	White=2     	Black=4      OK:         	White=10    	Black=15     Best:        	White=8     	Black=5      Strong:       	White=1     	Black=1} 0-1

[Event "AUT Bundesliga 2024-25"]
[Site "Austria"]
[Date "2025.04.04"]
[Round "8.23"]
[White "Perunovic, Milos"]
[Black "Froewis, Georg"]
[Result "1-0"]
[Annotator "TA"]
[ECO "C18"]
[WhiteElo "2501"]
[BlackElo "2429"]
[PlyCount "77"]
[EventDate "2024.08.28"]
[EventType "team-tourn"]
[EventCountry "AUT"]
[SourceTitle "playchess.com"]
[Source "ChessBase"]
[SourceQuality "1"]
[TimeControl "40/5400+30:1800+30"]

1. e4 e6 2. d4 d5 3. Nc3 Bb4 4. e5 Ne7 5. a3 Bxc3+ 6. bxc3 c5 7. Qg4 cxd4 8. Bd3 {[%emt 0:05:34] C18: French: 3 Nc3 Bb4: Main line: 7 h4 and 7 Qg4.} (8. Qxg7 $14 Rg8 9. Qxh7) 8... Qa5 $15 9. Rb1 $1 (9. Qxg7 $2 Rg8 (9... Qxc3+ $2 10. Ke2 $19) 10. Qxh7 Qxc3+ (10... dxc3 11. Nf3 $16) 11. Ke2 Qxa1 $19) 9... Nbc6 10. Nf3 {[%emt 0:00:49] The position is equal.} (10. Qxg7 $6 Rg8 11. Qf6 (11. Qxh7 Nxe5 12. Bb5+ Bd7 $16) 11... Qxc3+ 12. Kf1 Ng6 $16) 10... Ng6 11. h4 h5 (11... Ncxe5 $2 12. Nxe5 Nxe5 13. Qxg7 Nxd3+ (13... Qxc3+ $2 14. Ke2 $18) 14. cxd3 $18) 12. Qg3 Nce7 13. Bb5+ $5 $146 {[%emt 0:24:55][%mdl 8] New and interesting.} (13. Nxd4 $2 Qxc3+ 14. Bd2 Qxd4 $19) (13. Bxg6 Nxg6 14. Nxd4 a6 15. O-O Qc7 16. Re1 Bd7 17. Bg5 Rc8 18. Bd2 Kf8 19. f4 {0-1 Souza,M (2101)-Rocha,V (2035) Joao Pessoa op 6th 2015 (4)}) 13... Nc6 ({Black should play} 13... Bd7 $11 14. Bd3 (14. Nxd4 Bxb5 15. Rxb5 Qc7 $11) (14. Bxd7+ Kxd7 15. Nxd4 b6 $11) 14... dxc3) 14. Nxd4 $14 {[%emt 0:10:45] A sharp opening} O-O 15. O-O $1 (15. Bxc6 bxc6 16. O-O c5 $11) 15... Qc7 {[%emt 0:17:17] Black is now going downhill.} (15... Ncxe5 $14 16. Re1 Ng4) 16. Re1 $1 $16 {[%emt 0:09:59] White is more active.} Nce7 (16... a6 $16) 17. Bd3 (17. Qg5 $18) 17... Qxc3 {[%emt 0:03:44] [#]} (17... Nf5 $16 18. Nxf5 exf5) 18. Bb2 $1 $18 {[%emt 0:00:22] White sacrificed a pawn} Qd2 {[%emt 0:02:55] [#]} (18... Qc7 $142 19. Qg5 Re8 20. Qxh5 Nf5) 19. Re3 $1 {[%emt 0:01:59] aiming for Nb3.} Nf5 20. Bxf5 exf5 21. Bc3 (21. Qg5 $142) 21... f4 22. Qg5 (22. Bxd2 fxg3 23. Nb5 (23. fxg3 Re8 $15) (23. Rxg3 Nxe5 24. Bc1 b6 $15) 23... gxf2+ (23... Nxh4 24. Rxg3 Kh7 25. Rg5 $14) 24. Kxf2 Bf5 $17 (24... Nxh4 25. Nc7 $11)) 22... Qxd4 $2 (22... fxe3 23. Bxd2 exd2 24. Qxh5 (24. Qxd2 Nxe5 25. Nb5 Bg4 $16) 24... Re8) 23. Bxd4 fxe3 24. Bxe3 (24. Qxh5 exf2+ 25. Bxf2 (25. Kxf2 Nf4 $18) 25... Be6 $18) (24. fxe3 Be6 25. Qxh5 (25. Rxb7 Rfb8 $18) 25... Rfc8 $18) 24... Be6 {[%emt 0:01:29] Black is weak on the dark squares} (24... Re8 $142 25. Bd4 (25. Qxh5 Rxe5 26. Qd1 Nxh4 $18) 25... Nf8 26. Qxh5 b6) 25. Rxb7 ({But not} 25. Qxh5 Rfc8 26. Rxb7 Rc4 $18) 25... Rfc8 26. Qxh5 Rxc2 27. Qg5 (27. Rxa7 Rxa7 28. Bxa7 Rc1+ 29. Kh2 Rc4 $18) 27... Rc4 28. Rb4 (28. Bxa7 Rg4 29. Qc1 Nf4 $11) 28... Rac8 29. h5 (29. Bxa7 Nxh4 30. Rxc4 Rxc4 $16) 29... Nh4 30. h6 (30. Bxa7 Nf5 31. Rb8 Rxb8 32. Bxb8 Re4 $18) 30... Nf5 31. hxg7 ({Less strong is} 31. Bxa7 Nxh6 32. Bb6 Rc1+ 33. Kh2 Ra1 $16) 31... Rxb4 32. axb4 Rc4 33. Bc5 a6 34. f3 d4 35. g4 {[%emt 0:01:19] White threatens Qd8+ and mate.} Ne3 36. Qd8+ {[%emt 0:02:01] White mates.} Kxg7 37. Qg5+ Kh7 38. Bf8 Rc1+ 39. Kh2 {[%emt 0:00:27] Weighted Error Value: White=0.34/Black=0.79  Mistake:       	White=2     	Black=7      Inaccurate:     	White=2     	Black=3      OK:         	White=9     	Black=6      Best:        	White=2     	Black=1      Strong:       	White=5     	---} 1-0

[Event "AUT Bundesliga 2024-25"]
[Site "Austria"]
[Date "2025.04.04"]
[Round "8.24"]
[White "Balint, Peter"]
[Black "Ivanisevic, Ivan"]
[Result "0-1"]
[Annotator "TA"]
[ECO "C63"]
[WhiteElo "2366"]
[BlackElo "2527"]
[PlyCount "176"]
[EventDate "2024.08.28"]
[EventType "team-tourn"]
[EventCountry "AUT"]
[SourceTitle "playchess.com"]
[Source "ChessBase"]
[SourceQuality "1"]
[TimeControl "40/5400+30:1800+30"]

1. e4 e5 2. Nf3 Nc6 3. Bb5 f5 4. d3 fxe4 5. dxe4 Nf6 6. O-O Bc5 7. Nc3 d6 8. Be3 Bxe3 9. fxe3 O-O 10. Bc4+ Kh8 11. Ng5 Qe8 $1 12. Nd5 Qg6 13. h4 Bg4 14. Qe1 (14. Be2 $11 Nxd5 15. exd5 (15. Bxg4 $2 Nxe3 16. Rxf8+ Rxf8 $19) 15... Bxe2 16. Qxe2) 14... h6 $17 (14... Nxe4 $2 15. Bd3 Rxf1+ 16. Qxf1 $18) 15. Qg3 $2 (15. Nxf6 $17 gxf6 (15... Rxf6 16. Qg3 $11) 16. Ne6 Bxe6 17. Bxe6) 15... Bh5 $2 (15... hxg5 16. Nxf6 Rxf6 17. Rxf6 Qxf6 18. Qxg4 gxh4 19. Rf1 $18) (15... Be6 $1 $19 16. Bd3 (16. Nxf6 $2 Bxc4 17. Nd5 Rxf1+ 18. Rxf1 Bxf1 $19) 16... Rac8 (16... hxg5 $2 17. Nxc7 Nh7 18. hxg5 $19)) 16. Nxc7 (16. Nxf6 $2 gxf6 17. Nf7+ Kg7 (17... Rxf7 $2 18. Qxg6 Bxg6 19. Bxf7 $17) 18. Qxg6+ Bxg6 19. Nxh6 Kxh6 $19) (16. Qh3 $1 $11) 16... Rac8 $17 (16... Nxe4 $2 17. Nxe4 Qxe4 18. Bd3 $18 (18. Nxa8 Rxa8 19. Bd3 Qd5 $18)) (16... hxg5 17. Nxa8 Rxa8 18. hxg5 $16) 17. Nce6 Rfe8 $1 (17... Nxe4 $2 18. Rxf8+ (18. Nxe4 Rxf1+ 19. Rxf1 Qxg3 $18) 18... Rxf8 19. Nxe4 $18 (19. Nxf8 Qxg5 20. Qxg5 hxg5 $18)) (17... hxg5 18. Nxf8 Rxf8 19. hxg5 $16) 18. Qh2 (18. Rxf6 $2 gxf6 19. Rf1 fxg5 $19) (18. Qh3 $17 {was necessary.}) 18... Nd4 $19 (18... hxg5 19. Nxg5 Nd8 (19... Nxe4 $2 20. Bf7 $18) 20. Bb3 $19) 19. exd4 Rxc4 20. dxe5 dxe5 (20... hxg5 21. exf6 gxf6 (21... Rxe6 $2 22. f7 $18) 22. hxg5 Rxe6 23. gxf6 $11) (20... Nxe4 $2 21. Nf8 dxe5 22. Nxg6+ $18) 21. Rf5 Bg4 (21... Nxe4 22. Raf1 Nxg5 (22... hxg5 23. Rf8+ Rxf8 24. Rxf8+ Kh7 25. Qxe5 $11) 23. hxg5 $11) 22. Raf1 (22. h5 Qxh5 (22... Nxh5 23. Nf7+ Kh7 24. Nxe5 $17) (22... Bxh5 $2 23. Raf1 $19) 23. Qxh5 Bxh5 $19) 22... Bxf5 (22... hxg5 23. Rxf6 gxf6 24. Rxf6 Rxe6 (24... Qxf6 $2 25. hxg5+ Kg8 26. gxf6 $18) 25. Rxg6 Rxg6 26. hxg5+ Kg8 27. Qxe5 $15) (22... Rxc2 23. Nxg7 Bxf5 (23... Qxg7 24. Rxf6 hxg5 25. hxg5+ Kg8 26. Qh4 $11) 24. Nxe8 $11) 23. exf5 Qh5 24. Qxe5 Rxh4 $2 (24... hxg5 25. hxg5 Re4 (25... Qxg5 26. Nxg5 Rxe5 27. Nf7+ Kg8 28. Nxe5 $11) 26. Qc7 R8xe6 27. fxe6 Qxg5 28. Qd8+ Kh7 29. Qd3 Qc5+ 30. Kh1 $19) (24... Rxc2 $19 25. Nh3 Qxh4) 25. Nh3 $15 Rc4 26. Nhf4 Qh2+ 27. Kxh2 Ng4+ (27... Rxc2 $2 28. Qe1 $18 (28. Ng6+ Kg8 $18)) 28. Kg3 Nxe5 29. Re1 Nd7 30. c3 Nf6 31. Kf3 Kg8 32. Ng6 Rc5 33. g4 (33. Re5 $1 $15 Rxe5 34. Nxe5) 33... Rd5 34. Re2 Rd3+ (34... h5 $142 35. Rh2 Nxg4 (35... hxg4+ 36. Kf4 $16) 36. Rxh5 Nh6) 35. Kf4 $17 Rd1 36. Ne5 g5+ 37. Kf3 Rh1 38. Kg2 Rd1 39. Kf3 $1 h5 (39... Rf1+ $17 40. Kg2 Rd1 41. Kf3) 40. gxh5 $1 $11 Rf1+ 41. Rf2 $1 Rxf2+ 42. Kxf2 Nxh5 43. Kf3 Ng7 44. Ng4 Re7 (44... Nxf5 45. Nf6+ Kf7 46. Nxe8 Kxe6 47. Kg4 $17) 45. Nxg5 (45. Nf6+ $1 $11 Kf7 46. Nd5 Rxe6 47. fxe6+ Kxe6 48. Nc7+ Ke5 49. Kg4) 45... Nxf5 $17 46. Ne4 Kg7 47. Kf4 Nh4 48. Ne3 Ng6+ 49. Kf3 Ne5+ 50. Ke2 Kg6 51. Nd5 Rh7 52. Nf2 Kg5 53. b3 Rh2 54. Ke3 Ng4+ 55. Nxg4 Kxg4 56. a4 Kf5 57. Kd4 Rd2+ 58. Kc5 Ke5 59. c4 Rd3 (59... Rg2 $17 60. Kb4 Kd6) 60. b4 $15 Rg3 61. b5 Rg8 62. b6 $2 (62. Nc3 $17) 62... a6 $2 (62... a5 $1 $19 63. Nc3 Rg6) 63. Nc7 (63. a5 $17) 63... Rg5 $2 ({Black should try} 63... Rg1 $1 $19 64. Nd5 Rg6) 64. Nd5 $2 (64. a5 $11) 64... Ke6 (64... Rg2 $19 {...a5 would now be deadly.} 65. Nb4 Rg3) 65. a5 $17 Kd7 66. Kb4 Kd6 67. Nc3 Kc6 68. Ne4 Rg1 69. Nc3 Re1 70. Na4 Kd6 71. Nc3 $2 {[%emt 0:01:08][%mdl 8192] [#]} (71. Nc5 $17) 71... Ke5 $1 $19 72. Na4 $2 (72. Kc5) 72... Rb1+ $2 (72... Kd4 $19 {is more deadly. ( -> ...Rb1+)} 73. Nc3 Re5) 73. Kc5 $17 Ra1 74. Kb4 $2 {[%emt 0:00:04][%mdl 8192] [#]} (74. Nc3 $17) 74... Kd4 $1 $19 75. Nc3 Re1 76. c5 Re6 77. Na2 Re2 78. c6 bxc6 (78... Rxa2 $2 {perishes.} 79. cxb7 Rb2+ 80. Ka3 $18) 79. Kb3 c5 80. b7 Re8 81. Nc3 Rb8 82. Nb5+ Ke5 (82... axb5 83. a6 $18) 83. Nc3 Rxb7+ 84. Kc4 Rc7 85. Nd5 Rc6 86. Nc3 Rc8 87. Nd5 Kd6 88. Nf6 Rf8 0-1

[Event "AUT Bundesliga 2024-25"]
[Site "Austria"]
[Date "2025.04.04"]
[Round "8.25"]
[White "Vogel, Roven"]
[Black "Vachier-Lagrave, Maxime"]
[Result "1/2-1/2"]
[Annotator "TA"]
[ECO "D85"]
[WhiteElo "2557"]
[BlackElo "2722"]
[PlyCount "55"]
[EventDate "2024.08.28"]
[EventType "team-tourn"]
[EventCountry "AUT"]
[SourceTitle "playchess.com"]
[Source "ChessBase"]
[SourceQuality "1"]
[TimeControl "40/5400+30:1800+30"]

1. d4 Nf6 2. c4 g6 3. Nc3 d5 4. cxd5 Nxd5 5. e4 Nxc3 6. bxc3 Bg7 7. Nf3 c5 8. Rb1 O-O 9. Be2 cxd4 10. cxd4 Qa5+ 11. Bd2 Qxa2 12. O-O Bg4 13. Rxb7 {[%emt 0:01:19] D85: Exchange Grünfeld: Unusual White 7th moves and lines with 7 Nf3.} Bxf3 {[%emt 0:00:07] The position is equal.} 14. Bxf3 {[%emt 0:00:05] [#]} Bxd4 15. e5 {[%emt 0:02:18] 15.Bb4 is vanishing.} Na6 $1 16. Rxe7 Rad8 {[%emt 0:00:29] [#]} 17. e6 $1 fxe6 {[%emt 0:00:08] ...Bc5 is the strong threat.} 18. Qe1 Nc5 19. Bc3 {[%emt 0:00:07] Black must now prevent Bxd4.} Nd3 $146 (19... Qc4 20. Bxd4 Qxd4 21. Rxa7 e5 22. Qc1 Ne6 23. Rb7 e4 24. Bg4 Nc5 25. Rc7 Rxf2 26. Rxf2 {1-0 Matthiesen,M (2263)-Thogersen,R (2380) Aarhus-chA 2023 (2)}) 20. Bxd4 $1 {[%emt 0:00:06] A strong pair of Bishops.} Nxe1 {[%emt 0:00:03] Successful Defense Black} 21. Rg7+ Kh8 22. Rd7+ (22. Rxa7+ Rxd4 23. Rxa2 Nxf3+ 24. gxf3 Rxf3) 22... Kg8 (22... e5 $2 23. Bxe5+ $18) 23. Rg7+ $5 {[%emt 0:00:07][%mdl 4] Exploring less charted territory.} Kh8 24. Rd7+ (24. Rxa7+ Rxd4 25. Rxa2 Nxf3+ 26. gxf3 Rxf3) 24... Kg8 (24... e5 $2 25. Bxe5+ $18) 25. Rg7+ Kh8 26. Rd7+ (26. Rxa7+ Rxd4 27. Rxa2 Nxf3+ 28. gxf3 Re8 $15) 26... Kg8 ({But not} 26... e5 $2 27. Bxe5+ $18) 27. Rg7+ Kh8 28. Rd7+ {[%emt 0:00:03] Not much happened in this game.   Weighted Error Value: White=0.03 (flawless) /Black=0.02 (flawless)   OK:         	White=4     	Black=6      Best:        	White=5     	Black=4      Strong:       	White=1     	Black=1} (28. Rxa7+ Rxd4 29. Rxa2 Nxf3+ 30. gxf3 Rxf3) 1/2-1/2

[Event "AUT Bundesliga 2024-25"]
[Site "Austria"]
[Date "2025.04.04"]
[Round "8.26"]
[White "Mamedyarov, Shakhriyar"]
[Black "Lanka, Zigurds"]
[Result "1-0"]
[Annotator "TA"]
[ECO "E63"]
[WhiteElo "2748"]
[BlackElo "2326"]
[PlyCount "83"]
[EventDate "2024.08.28"]
[EventType "team-tourn"]
[EventCountry "AUT"]
[SourceTitle "playchess.com"]
[Source "ChessBase"]
[SourceQuality "1"]
[TimeControl "40/5400+30:1800+30"]

1. d4 Nf6 2. c4 g6 3. g3 Bg7 4. Bg2 O-O 5. Nc3 d6 6. Nf3 a6 7. O-O Nc6 8. Bf4 Nh5 {[%emt 0:02:34] E63: King's Indian: Fianchetto: Panno Variation with 7...a6.} 9. Be3 f5 10. d5 Ne5 {[%emt 0:01:32] White is slightly better.} 11. c5 $146 (11. Nxe5 dxe5 12. c5 e4 13. Qb3 Kh8 14. Rad1 Qe8 15. Bc1 Rb8 16. f3 e5 17. Qc2 {1-0 Krzyzanowski,M (2509)-Taylor,A (2398) Budapest Spring op 2019 (7)}) 11... Nf7 12. Rc1 Bd7 13. b4 Nf6 14. h3 (14. Nd4 {feels hotter.} Ng4 15. Bf4 g5 16. Ne6) 14... c6 15. cxd6 exd6 16. Nd4 Qe8 17. Qb3 Kh8 18. Rfd1 cxd5 (18... Ne5 $142) 19. Nxd5 (19. b5 $16) 19... Ba4 $14 20. Nxf6 Bxf6 {[%emt 0:00:12] [#]} 21. Qe6 Ng5 $1 (21... Qxe6 22. Nxe6 Bxd1 23. Nxf8 (23. Rxd1 Rfe8 $11) 23... Bxe2 24. Nd7 $18 (24. Bxb7 $2 Rxf8 25. Rc7 g5 $19)) 22. Qxe8 (22. Qxd6 Bxd1 23. Rxd1 Rd8 $11) 22... Raxe8 23. Nb3 Ne4 24. Bxe4 Rxe4 25. Rxd6 {[%emt 0:00:06] Hoping for Nc5.} Be7 26. Rd4 Re6 {[%emt 0:02:18] [#]} 27. Rc7 $1 g5 (27... Rb8 $16 28. Nc5 Bxc5 29. bxc5 Bc6) 28. Nc5 Bxc5 29. bxc5 Bc6 30. Rd6 {[%emt 0:00:06] White threatens Bd4+ and mate. White has more active pieces.} Rfe8 31. Bd4+ Kg8 32. Rg7+ Kf8 33. e3 $36 {[%emt 0:00:08][%mdl 2048] White is in control.} ({But not} 33. Rxh7 $6 Rxe2 34. Rh8+ Kf7 35. Rf6+ Ke7 36. Rxe8+ (36. Rxf5 $2 {is a self mate.} Re1+ 37. Kh2 Rh1#) (36. Rh7+ Kd8 $11) 36... Kxe8 $16) 33... h6 34. Rh7 f4 35. Rxh6 Rxh6 36. Rxh6 fxg3 37. fxg3 $16 {[%emt 0:00:03][%cal Bf2g3,Bg3g4][%mdl 32] KRB-KRB. White is two pawns up.} Bd5 38. a3 Bf7 (38... Be4 $142 39. Rh5 g4 40. hxg4 Kf7) 39. g4 $18 Rd8 40. Kf2 Rd5 41. Ke2 Ke8 42. Kd3 {[%emt 0:00:17] Weighted Error Value: White=0.08 (flawless) /Black=0.19 (very precise)   Mistake:       	White=1     	Black=3      Inaccurate:     	White=1     	Black=3      OK:         	White=19    	Black=6      Best:        	White=1     	Black=4      Strong:       	---       	Black=1} 1-0

[Event "AUT Bundesliga 2024-25"]
[Site "Austria"]
[Date "2025.04.04"]
[Round "8.27"]
[White "Platzgummer, Fabian"]
[Black "Maghsoodloo, Parham"]
[Result "0-1"]
[Annotator "TA"]
[ECO "A07"]
[WhiteElo "2294"]
[BlackElo "2684"]
[PlyCount "94"]
[EventDate "2024.08.28"]
[EventType "team-tourn"]
[EventCountry "AUT"]
[SourceTitle "playchess.com"]
[Source "ChessBase"]
[SourceQuality "1"]
[TimeControl "40/5400+30:1800+30"]

1. Nf3 d5 2. g3 c6 3. Bg2 Bf5 4. O-O Nd7 5. d3 e5 6. c4 {[%emt 0:13:03] A07: Réti Opening: New York and Capablanca Systems.} dxc4 7. dxc4 h6 8. b3 {[%emt 0:15:07] The position is equal.} Qc7 9. Bb2 Ngf6 10. Nc3 $146 (10. Qc1 Bc5 11. Nxe5 Nxe5 12. Qf4 Nf3+ 13. Qxf3 Be4 14. Qc3 O-O-O 15. Bxe4 Nxe4 16. Qf3 {1-0 Andreasson,I-Hartman,C (2315) SWE-ch Stockholm 1987}) 10... Bh7 11. Qc1 Bd6 12. Rd1 O-O 13. Nd2 Be7 14. Na4 Rfe8 15. c5 e4 16. Bd4 Bf8 17. Nc4 Nd5 18. Ne3 Rad8 19. Nxd5 cxd5 20. b4 Ne5 21. b5 Bf5 22. Qc3 Nc4 23. Nb2 Bxc5 24. Nxc4 Bxd4 25. Rxd4 dxc4 26. Rxc4 Qb6 27. Rc5 Bg4 28. e3 Rd3 29. Qc4 Qf6 30. Rf1 Rd2 $1 {[%emt 0:00:02] [#] and ...Be2 would now be decisive} 31. Bxe4 Be2 32. Rc8 {[%emt 0:00:03] Black continues to play with concentration.} Red8 $17 {[%emt 0:00:13] Some like it hot. Black is much more active.} 33. Qc1 ({Reject} 33. Rxd8+ Qxd8 34. Qc3 Bxf1 (34... Rxa2 35. Rc1 $11) (34... Bxb5 35. Re1 $15) 35. Kxf1 Rxa2) 33... Bxf1 $40 {[%emt 0:02:38][%mdl 128] Black wants a kill.} 34. Qxd2 Rxc8 35. Kxf1 {[%emt 0:00:06][%mdl 4096] Endgame KQR-KQB} Qe5 36. Qd3 b6 37. Kg2 g6 38. Bd5 Qf6 39. e4 Rc3 40. Qe2 (40. Qd1 $17) 40... Kg7 41. a4 (41. Bb3 $142) 41... h5 $19 42. h4 Qd4 43. g4 Qf6 (43... Qxa4 $2 44. gxh5 Qd4 45. hxg6 fxg6 46. Qg4 $17) 44. g5 $2 {[%emt 0:03:44] [#]} (44. Qd1 hxg4 (44... Qxh4 45. Qd4+ Qf6 46. e5 $11) 45. Qxg4) 44... Qf4 {[%emt 0:01:46] Black is clearly winning.} 45. Qb2 Qf3+ 46. Kh2 Kg8 47. Qd2 Rd3 {[%emt 0:00:27] Weighted Error Value: White=0.55/Black=0.05 (flawless)   Mistake:       	White=4     	---        Inaccurate:     	White=6     	---        OK:         	White=18    	Black=18     Best:        	White=2     	Black=4      Strong:       	---       	Black=1} 0-1